 Dungeon Sprint DCSS version 0.30-a0-137-gd8773701ce (webtiles) character file.

Game seed: 17038344612700742198

213 purpskrrrp the Changer (level 5, -1/61 HPs)
             Began as a Demigod Transmuter on Sept 22, 2022.
             Slain by a killer bee (2 damage)
             ... in the Dungeon (Sprint IV: "Fedhas' Mad Dash").
             The game lasted 00:05:24 (335 turns).

purpskrrrp the Changer (Demigod Transmuter)          Turns: 335, Time: 00:05:26

Health: -1/61      AC:  2    Str: 15    XL:     5   Next: 32%
Magic:  12/14      EV: 14    Int: 15    God:
Gold:   48         SH:  0    Dex: 14    Spells: 8/12 levels left

rFire   . . .      SeeInvis .    k - +4 quarterstaff
rCold   . . .      Faith    .    (shield currently unavailable)
rNeg    . . .      Spirit   .    a - +0 robe
rPois   .          Reflect  .    (helmet currently unavailable)
rElec   .          Harm     .    (no cloak)
rCorr   .          Rampage  .    (no gloves)
Will    .....      NoTele   +    (boots currently unavailable)
Stlth   ..........               j - amulet of invisibility {+Inv}
HPRegen 0.20/turn                (no ring)
MPRegen 0.14/turn                (no ring)

@: berserking, lethally poisoned (-1 -> -17), appendages (expiring), very
slightly contaminated, hasted, very quick
A: horns 2, talons 2, high MP 1, forlorn, divine attributes
a: End Transformation, Evoke Invisibility


You were in the Dungeon.
You had temporarily grown beastly horns and talons.
You visited 1 branch You collected 48 gold pieces.

Inventory:

Hand Weapons
 i - a +0 spear
 k - a +4 quarterstaff (weapon)
Armour
 a - a +0 robe (worn)
Jewellery
 j - the amulet of invisibility (around neck) {+Inv}
   (You found it in the Dungeon)

   [amulet of nothing]

   +Inv:      It lets you turn invisible.
Scrolls
 h - a scroll of blinking
Potions
 c - a potion of curing
 d - a potion of heal wounds
 f - 2 potions of magic


   Skills:
 + Level 2.0 Fighting
 - Level 3.3(4.0) Polearms
 * Level 3.2(4.0) Staves
 + Level 5.0 Dodging
 + Level 1.6 Stealth
 - Level 3.9 Unarmed Combat
 + Level 4.3 Spellcasting
 * Level 5.2 Transmutations
 + Level 0.3 Poison Magic
 + Level 1.5 Evocations


You had 8 spell levels left.
You knew the following spells:

 Your Spells              Type           Power      Damage    Failure   Level
a - Beastly Appendage     Tmut           36%        N/A       1%          1
b - Spider Form           Tmut/Pois      11%        N/A       17%         3

Your spell library contained the following spells:

 Spells                   Type           Power      Damage    Failure   Level
 Wereblood                Tmut           18%        N/A       3%          2
 Ice Form                 Ice/Tmut       11%        N/A       52%         4


Dungeon Overview and Level Annotations

Branches:
Dungeon (1/1)


Innate Abilities, Weirdness & Mutations

You have temporarily grown beastly horns and talons.
You have an increased reservoir of magic. (+10% MP)
You shall have no god before yourself.
Your divine heritage dramatically boosts your attributes as you level up.


Message History

The killer bee poisons you!
You grow a pair of large bovine horns.
Your feet morph into talons.
Your transformation is almost over.
You feel sick. The killer bee misses you. x2
You hit the killer bee. Your kick misses the killer bee.
The killer bee is severely wounded.
You feel sick. The killer bee barely misses you.
You feel yourself speed up.
You feel sick.
The killer bee buzzes angrily.
You hear an angry buzzing noise.
The killer bee barely misses you. The killer bee closely misses you. x2
The killer bee stings you.
A red film seems to cover your vision as you go berserk!
You feel yourself moving faster!
You feel mighty!
You feel sick.
The killer bee buzzes angrily.
The killer bee barely misses you.
You barely miss the killer bee. Your kick misses the killer bee.
The killer bee is severely wounded.
You flicker back into view.
You feel sick.
The killer bee buzzes angrily.
The killer bee misses you. The killer bee barely misses you.
The killer bee stings you.
You are more poisoned.
The killer bee poisons you! The killer bee stings you!
* * * LOW HITPOINT WARNING * * *
You thump the killer bee!
You kill the killer bee!
You feel sick.
Your Fighting skill increases to level 2!
Your base Staves skill increases to level 3!
Your Dodging skill increases to level 5!
Your Transmutations skill increases to level 5!
You sock the killer bee! Your kick misses the killer bee.
Your headbutt misses the killer bee.
The killer bee is heavily wounded.
You feel sick. The killer bee closely misses you. The killer bee stings you!
* * * LOW HITPOINT WARNING * * *
You are more poisoned.
The killer bee poisons you! The killer bee stings you.
You die...

##################
#<..P#.....#.....#
#PP..'.....'.#...+
#PPPP#.....#.#...#
###############'##
♣.y......y@..#
.....♣y....#y..#
... ♣..♣..###### +
#+#####


You could see a queen bee and 2 killer bees.

Vanquished Creatures
  A scorpion (D)
  2 killer bees (D)
  2 oklob saplings (D)
  A river rat (D)
  A rat (D)
7 creatures vanquished.

Notes
Turn   | Place    | Note
-------+----------+-------------------------------------------
     0 | D        | purpskrrrp the Demigod Transmuter began the quest for the
                  | Orb.
     0 | D        | Reached XP level 1. HP: 15/15 MP: 5/5
    44 | D        | Noticed an oklob sapling
    54 | D        | Killed an oklob sapling
    55 | D        | Reached skill level 1 in Fighting
    55 | D        | Reached XP level 2. HP: 23/23 MP: 6/8
    55 | D        | Reached XP level 3. HP: 28/28 MP: 7/10
    56 | D        | Noticed a scorpion
    77 | D        | Killed a scorpion
    78 | D        | Reached XP level 4. HP: 35/35 MP: 12/12
   161 | D        | Found the amulet of invisibility {+Inv}
   289 | D        | Learned a level 3 spell: Spider Form
   296 | D        | Reached skill level 1 in Staves
   314 | D        | Noticed a queen bee
   322 | D        | Reached skill level 1 in Stealth
   322 | D        | Reached skill level 1 in Evocations
   322 | D        | Reached XP level 5. HP: 25/41 MP: 11/14
   335 | D        | Reached skill level 5 in Dodging
   335 | D        | Reached skill level 5 in Transmutations
   335 | D        | HP: 1/61 [killer bee (9)]
   335 | D        | Slain by a killer bee

Illustrated notes

Levels and vault maps discovered:
D:        dungeon_sprint_fedhas [sprint_temple]

Skill      XL: |  1  2  3  4  5 |
---------------+----------------+-----
Dodging        | 2 3 4 5 |  5.0
Unarmed Combat | 3 |  3.9
Spellcasting   | 2 3 4 |  4.3
Transmutations | 3 4 5 |  5.2
Fighting       | 1 2 |  2.0
Polearms       | 2 3 |  3.3
Staves         | 2 3 |  3.2
Stealth        | 1 |  1.6
Evocations     | 1 |  1.5
Poison Magic   | |  0.3

Action                   |  1- 3 |  4- 6 || total
-------------------------+-------+-------++-------
Melee: Spear             |    26 |       ||    26
       Unarmed           |     5 |     1 ||     6
       Kick              |     2 |     1 ||     3
       Headbutt          |     1 |       ||     1
       Punch             |     1 |       ||     1
       Quarterstaff      |       |    10 ||    10
 Cast: Beastly Appendage |     2 |     2 ||     4
       Spider Form       |       |     1 ||     1
 Abil: Evoke Invisibilit |       |     2 ||     2
  Use: Potion            |     1 |     2 ||     3
       Scroll            |       |     1 ||     1
 Stab: Sleeping          |       |     1 ||     1
       Invisible         |       |     2 ||     2
Armor: Skin              |    15 |       ||    15
       Robe              |       |     1 ||     1
Dodge: Dodged            |     7 |    18 ||    25

Table legend: (Time is in decaauts)
 A = Elapsed time spent in this place.
 B = Non-inter-level travel time spent in this place.
 C = Inter-level travel time spent in this place.
 D = Time resting spent in this place.
 E = Time spent auto-exploring this place.
 F = Levels seen in this place.
 G = Mean time per level.
                   A        B        C        D        E       F      G
               +--------+--------+--------+--------+--------+-----+--------+
         Total |    334 |    334 |      0 |    164 |     29 |   1 |  334.0 |
       Dungeon |    334 |    334 |      0 |    164 |     29 |   1 |  334.0 |
               +--------+--------+--------+--------+--------+-----+--------+

Top non-repeatable levels by time:
       D: 334 daAuts
